Map: Triton LE

Players

Clem

  • Race: Terran Terran
  • Spawn Location: 5:00

Neeb - Winner!

  • Race: Protoss Protoss
  • Spawn Location: 11:00

VOD

Have the link to the VOD?

Description

Time

  • Played on: Sept. 7, 2019, 4:20 p.m.
  • Length: 8:46
Show
View Real Time Build Order
Export as new Build Order

Clem Terran 

Build Orders:  

Get SALT Encoding   

  12  0:00  SCV  
  13  0:12  SCV  
  14  0:16  Supply Depot  
  14  0:24  SCV  
  15  0:38  Barracks, SCV  
  16  0:43  Refinery  
  16  0:50  SCV  
  17  1:02  SCV  
  18  1:14  SCV  
  19  1:26  Marine  
  19  1:27  Orbital Command  
  20  1:42  Command Center  
  20  1:50  Factory  
  20  1:54  SCV  
  21  2:02  Barracks Reactor  
  21  2:06  SCV  
  21  2:07  Supply Depot  
  22  2:14  Refinery  
  22  2:18  SCV  
  23  2:24  Barracks  
  23  2:30  SCV  
  24  2:42  Hellion x2  
  24  2:43  SCV  
  29  2:46  Barracks Tech Lab  
  29  2:54  Orbital Command  
  29  3:03  Hellion x2  
  29  3:05  SCV  
  34  3:07  Marine  
  34  3:12  Stimpack  
  35  3:17  SCV  
  36  3:21  SCV  
  37  3:27  Marine  
  37  3:29  SCV  
  37  3:31  Marine x2  
  37  3:34  Barracks  
  41  3:36  SCV  
  41  3:38  Supply Depot  
  42  3:41  SCV  
  42  3:48  SCV  
  44  3:53  SCV  
  41  3:58  Factory Reactor  
  41  3:59  Marine x2  
  41  4:00  SCV  
  41  4:02  Marine  
  43  4:06  SCV  
  43  4:12  Starport, SCV  
  43  4:16  Engineering Bay  
  42  4:18  SCV  
  42  4:22  Marine x2  
  42  4:24  Barracks Tech Lab, SCV  
  45  4:30  Supply Depot, SCV  
  47  4:32  Marine  
  47  4:36  SCV  
  49  4:39  Supply Depot  
  49  4:40  Refinery  
  49  4:41  Marine x2  
  49  4:42  SCV  
  49  4:43  Combat Shield  
  52  4:48  Missile Turret, Factory Reactor, SCV  
  52  4:51  Missile Turret  
  53  4:54  SCV  
  53  4:55  Marine  
  53  4:56  Marine  
  53  4:59  Marine  
  53  5:00  SCV  
  53  5:03  Marine  
  53  5:06  SCV  
  42  5:13  Marine  
  31  5:14  Marine  
  31  5:17  Marine  
  31  5:20  SCV  
  32  5:24  Marine  
  32  5:25  Widow Mine x2  
  32  5:27  Orbital Command  
  37  5:31  Medivac x2  
  41  5:36  Marine x2  
  41  5:39  Marine  
  41  5:41  Marine  
  43  5:50  SCV  
  43  5:54  SCV  
  43  5:55  Marauder  
  47  5:57  Supply Depot  
  47  5:58  Marauder  
  47  5:59  Liberator  
  47  6:00  Marine  
  47  6:01  Marine  
  51  6:10  Orbital Command  
  48  6:15  Medivac  
  48  6:16  Marauder  
  55  6:21  Widow Mine, SCV  
  55  6:24  Marine  
  59  6:28  Marine  
  60  6:34  Concussive Shells, SCV  
  60  6:36  SCV  
  60  6:39  Marauder  
  64  6:42  Marine  
  64  6:47  SCV  
  64  6:48  SCV  
  65  6:57  Supply Depot, Marine  
  65  6:58  Marauder  
  68  7:04  SCV  
  68  7:07  Widow Mine  
  69  7:11  SCV  
  69  7:16  SCV  
  69  7:17  Medivac  
  69  7:18  Medivac  
  69  7:19  Widow Mine, Marine x2  
  72  7:23  SCV  
  72  7:27  Marauder x2  
  72  7:29  SCV  
  75  7:39  Supply Depot  
  75  7:41  Marine x2  
  75  7:43  Liberator  
  77  7:50  Widow Mine x2, Marauder x2  
  84  7:58  Marine x2  
  84  8:05  Medivac  
  82  8:11  Marauder x2  
  84  8:16  Marine x2  
  84  8:19  SCV x2  
  81  8:31  SCV  
Show
View Real Time Build Order
Export as new Build Order

Neeb Protoss - Winner!

Build Orders: 1 Gate Expand, Oracle Opening 

Get SALT Encoding   

  12  0:00  Probe  
  13  0:12  Probe  
  14  0:17  Pylon  
  14  0:24  Probe  
  15  0:32  Probe  
  15  0:40  Gateway, Probe  
  16  0:46  Assimilator  
  17  0:51  Probe  
  18  1:03  Probe  
  19  1:15  Probe  
  20  1:25  Nexus  
  20  1:32  Cybernetics Core  
  20  1:35  Probe  
  21  1:41  Assimilator  
  21  1:47  Probe  
  21  1:49  Pylon  
  22  1:57  Probe  
  22  1:59  Adept  
  23  2:05  Probe  
  23  2:13  Probe  
  26  2:17  Stargate  
  27  2:25  Warp Gate, Probe  
  28  2:30  Adept  
  28  2:34  Probe  
  30  2:38  Probe  
  30  2:42  Probe  
  32  2:50  Probe  
  34  2:51  Probe  
  34  2:52  Oracle  
  35  3:02  Probe  
  35  3:03  Probe, Adept  
  42  3:10  Pylon  
  42  3:14  Probe  
  42  3:15  Probe  
  44  3:26  Gateway, Probe  
  45  3:27  Gateway  
  45  3:32  Oracle  
  48  3:38  Probe  
  48  3:40  Probe  
  50  3:48  Pylon  
  50  3:50  Probe  
  50  3:52  Probe  
  50  4:02  Oracle, Probe  
  50  4:04  Probe  
  54  4:14  Probe  
  54  4:16  Pylon, Probe  
  56  4:18  Pylon  
  56  4:20  Adept  
  56  4:21  Adept  
  60  4:24  Adept  
  62  4:32  Assimilator  
  62  4:33  Assimilator  
  62  4:34  Probe x2  
  62  4:37  Pylon  
  64  4:46  Probe x2, Adept x3  
  72  4:53  Nexus  
  72  4:58  Probe  
  73  5:03  Probe  
  67  5:10  Probe  
  66  5:15  Probe  
  66  5:18  Stalker x3  
  73  5:22  Probe  
  73  5:26  Forge  
  73  5:27  Probe, Twilight Council  
  75  5:31  Pylon  
  75  5:34  Probe  
  76  5:36  Pylon  
  76  5:39  Probe  
  77  5:47  Probe  
  77  5:48  Protoss Ground Weapons Level 1  
  78  5:51  Probe  
  78  5:54  Sentry x3  
  78  5:56  Gateway, Blink  
  85  5:58  Gateway  
  85  5:59  Probe  
  85  6:03  Gateway  
  86  6:10  Probe  
  82  6:13  Probe  
  83  6:21  Gateway  
  83  6:23  Gateway  
  83  6:27  Shield Battery x2  
  83  6:28  Pylon  
  83  6:30  Pylon  
  83  6:33  Shield Battery  
  83  6:35  Stalker x2  
  87  6:48  Stalker  
  89  6:55  Photon Cannon, Stalker  
  89  6:56  Stalker  
  93  7:04  Stalker x3  
  84  7:25  Probe, Stalker x5  
  84  7:28  Probe  
  96  7:32  Probe  
  96  7:36  Pylon  
  94  7:37  Probe  
  94  7:41  Probe  
  94  7:42  Robotics Facility, Stalker x2  
  100  7:45  Stalker  
  100  7:46  Probe  
  103  7:53  Adept x2  
  103  7:55  Adept x2  
  103  7:57  Assimilator  
  103  7:58  Pylon, Assimilator  
  111  8:02  Adept  
  109  8:09  Stalker x2  
  109  8:10  Probe x2  
  108  8:15  Probe  
  108  8:19  Stalker  
  107  8:20  Stalker  
  107  8:22  Probe  
  107  8:23  Probe  
  111  8:27  Probe  
  107  8:34  Probe  
  108  8:44  Stalker x3  
Tags
 
Add a new tag
Caveats
  • Supply blocks, unpowered buildings, or Contaminate may cause inaccurate times.
  • Supply counts are checked every 10 seconds.